 Dungeon Crawl Stone Soup version 0.17-a0-1775-g10da671 (webtiles) character file.

91 Enroth the Skirmisher (level 4, 0/50 HPs)
             Began as an Ogre Chaos Knight on Sept 8, 2015.
             Slain by a gnoll
             ... wielding a +0 halberd
              (11 damage)
             ... on level 2 of the Dungeon.
             The game lasted 00:05:51 (1040 turns).

Enroth the Skirmisher (Ogre Chaos Knight)           Turns: 1040, Time: 00:05:51

Health: 0/50       AC:  5    Str: 17    XL:     4   Next: 59%
Magic:  4/4        EV: 10    Int: 11    God:    Xom [.*....]
Gold:   114        SH:  0    Dex: 10    Spells: 0 memorised, 3 levels left

rFire  . . .     SeeInvis .     a - +0 mace (chaos)
rCold  . . .     Clarity  .     b - +2 robe
rNeg   . . .     SustAt   .     (no shield)
rPois  +         Gourm    .     (helmet restricted)
rElec  .         Spirit   .     (no cloak)
rCorr  .         Warding  .     (gloves unavailable)
rMut   .         Stasis   .     (boots unavailable)
MR     .....                    (no amulet)
Stlth  +.........               (no ring)
                                n - ring of poison resistance

@: not resistant to hostile enchantments, very unstealthy
A: unfitting armour, tough skin 1
a: Renounce Religion


You were on level 2 of the Dungeon.
You worshipped Xom.
You were a plaything of Xom.
You were not hungry.

You visited 1 branch of the dungeon, and saw 2 of its levels.

You collected 114 gold pieces.

Inventory:

Hand weapons
 a - a +0 mace of chaos (weapon)
Missiles
 j - 7 steel javelins (quivered)
Armour
 b - a +2 robe (worn)
Jewellery
 n - a ring of poison resistance (left hand)
Scrolls
 d - 4 scrolls of identify {unknown}
 e - a scroll of teleportation {unknown}
 h - a scroll of magic mapping {unknown}
 k - 2 scrolls of enchant weapon {unknown}
 m - a scroll of random uselessness {unknown}
 p - 3 scrolls of remove curse {unknown}
Potions
 l - a potion of lignification {unknown}
 o - a potion of magic {unknown}
Comestibles
 c - a bread ration
 f - 2 beef jerkies
 g - 3 meat rations
 i - a royal jelly


   Skills:
 + Level 5.3 Fighting
 + Level 4.9 Maces & Flails
 + Level 0.2 Throwing
 + Level 3.0 Dodging


You had 3 spell levels left.
You didn't know any spells.

Dungeon Overview and Level Annotations

Branches:
Dungeon (2/15)

Altars:


Innate Abilities, Weirdness & Mutations

You are too large for most types of armour.
You have tough skin (AC +1).


Message History

The gnoll barely misses you. The rat bites you but does no damage.
The gnoll barely misses you.
The gnoll hits you from afar with a halberd.
You closely miss the gnoll.
The gnoll is moderately wounded.
The gnoll barely misses you. The rat barely misses you.
The gnoll barely misses you. x2
You barely miss the gnoll.
The gnoll is moderately wounded.
The rat barely misses you. The gnoll closely misses you.
The rat barely misses you. The gnoll hits you with a spear!
* * * LOW HITPOINT WARNING * * *
You hit the gnoll.
The gnoll suddenly stops moving!
The gnoll is heavily wounded.
The gnoll hits you but does no damage. The rat bites you but does no damage.
The helpless gnoll fails to defend itself.
You hit the gnoll.
The gnoll is poisoned.
The gnoll is severely wounded.
The gnoll hits you from afar with a halberd!
You die...

#.#.######## #g######g.##.##.#
...........[##. #..##.##.#
...)#######.##g #g.##.##.#
....#######.##g #........#
............##.######g###.####
#.#.######..##.#...g.......#
#...# #..##.#g#####.##.##
#..#######..## #g# #.####
#............#.#@# #.#
##.#######...#.#r# #.# #.#
#.........#.# #.# #.#
#.###.....#.# #.#
#.###.###.....#.# #.#
#.......#.....#.# #.########
#...#.#.#.....#.# #.##.....#
#...............# #.##.###.#
#...#.###.#..#.## #......#.#


You could see 2 gnolls and a rat.

Vanquished Creatures
  3 gnolls (D:2)
  3 adders (D:2)
  A giant gecko (D:1)
  6 hobgoblins
  5 kobolds
  3 bats
  4 goblins
  6 rats
31 creatures vanquished.

Vanquished Creatures (others)
  A gnoll (D:2)
1 creature vanquished.

Grand Total: 32 creatures vanquished

Notes
Turn   | Place    | Note
--------------------------------------------------------------
     0 | D:1      | Enroth the Ogre Chaos Knight began the quest for the Orb.
     0 | D:1      | Reached XP level 1. HP: 24/24 MP: 1/1
   148 | D:1      | Reached XP level 2. HP: 17/33 MP: 2/2
   504 | D:1      | XOM: harmless Conj miscast
   539 | D:2      | Reached XP level 3. HP: 29/40 MP: 3/3
   614 | D:2      | XOM: potion effect (invisibility)
   813 | D:2      | Reached skill level 5 in Fighting
   871 | D:2      | Reached XP level 4. HP: 35/50 MP: 4/4
  1010 | D:2      | XOM: confuse monster(s)
  1040 | D:2      | Slain by a gnoll

Vault maps used:
D:1:      roderic_dead_forest
D:2:      corexii_leaking_fountain

Action                   |  1- 3 |  4- 6 || total
-------------------------+-------+-------++-------
Melee: Mace              |    83 |    18 ||   101
Throw: Javelin           |     7 |       ||     7
  Use: Potion            |     2 |       ||     2
 Stab: Invisible         |     1 |       ||     1
       Sleeping          |     1 |       ||     1
       Paralysed         |       |     1 ||     1
  Eat: Chunk             |       |     1 ||     1
